 Dungeon Crawl Stone Soup version 0.22.1 (webtiles) character file.

209 PaladinM the Slasher (level 6, 0/44 HPs)
             Began as a Human Warper on Sept 17, 2018.
             Killed by nerve-wracking pain
             ... invoked by a shadow imp
              (7 damage)
             ... on level 5 of the Dungeon.
             The game lasted 00:13:45 (5027 turns).

PaladinM the Slasher (Human Warper)                 Turns: 5027, Time: 00:13:46

Health: 0/44       AC:  4    Str: 12    XL:     6   Next: 12%
Magic:  0/9        EV: 12    Int: 13    God:
Gold:   151        SH:  0    Dex: 14    Spells: 5/9 levels left

rFire    . . .     SeeInvis .   x - +0 long sword
rCold    . . .     Gourm    .   (no shield)
rNeg     . . .     Faith    .   b - +0 leather armour
rPois    .         Spirit   +   d - +0 helmet
rElec    .         Reflect  .   s - scarf {Spirit}
rCorr    +         Harm     .   (no gloves)
MR       .....                  (no boots)
Stlth    +.........             (no amulet)
HPRegen  0.14/turn              (no ring)
MPRegen  0.11/turn              y - ring of resist corrosion

@: about to teleport
A: no striking features
a: no special abilities


You were on level 5 of the Dungeon.
You were not hungry.

You visited 1 branch of the dungeon, and saw 5 of its levels.

You collected 151 gold pieces.

Inventory:

Hand Weapons
 x - a +0 long sword (weapon)
Missiles
 e - 5 tomahawks of dispersal (quivered)
 g - 9 tomahawks
Armour
 b - a +0 leather armour (worn)
 d - a +0 helmet (worn)
 s - a scarf of spirit shield (worn)
Jewellery
 m - a cursed ring of teleportation
 o - an uncursed ring of teleportation
 y - a ring of resist corrosion (right hand)
Wands
 w - a wand of iceblast (4)
Scrolls
 a - 2 scrolls of fog {unknown}
 c - 2 scrolls of enchant weapon
 j - a scroll of immolation {unknown}
 k - a scroll of magic mapping {unknown}
 n - a scroll of remove curse
 r - a scroll of identify {unknown}
 u - a scroll of fear {unknown}
Potions
 h - a potion of agility {unknown}
 i - 3 potions of haste {unknown}
 l - 3 potions of curing {unknown}
 p - a potion of magic {unknown}
 q - 2 potions of degeneration {unknown}
 t - a potion of flight {unknown}
 v - a potion of might {unknown}
 B - a potion of mutation {unknown}
Comestibles
 f - 9 rations
 A - 2 chunks of flesh


   Skills:
 - Level 2.0 Fighting
 + Level 5.9 Long Blades
 - Level 1.0 Throwing
 - Level 1.0 Armour
 - Level 2.0 Dodging
 - Level 2.0 Spellcasting
 - Level 3.0 Translocations


You had 5 spell levels left.
You knew the following spells:

 Your Spells              Type           Power        Failure   Level  Hunger
a - Shroud of Golubria    Chrm/Tloc      #.........   26%         2    ###....
b - Blink                 Tloc           N/A          14%         2    ###....

Your spell library contained the following spells:

 Spells                   Type           Power        Failure   Level  Hunger
 Gell's Gravitas          Tloc           #.........   28%         3    ####...
 Lesser Beckoning         Tloc           #.........   28%         3    ####...
 Teleport Other           Tloc           #.......     28%         3    ####...
 Passage of Golubria      Tloc           N/A          67%         4    #####..


Dungeon Overview and Level Annotations

Branches:
Dungeon (5/15)
 Temple: D:4-7

Altars:
Dithmenos
Fedhas
Makhleb
Sif Muna
Vehumet


Message History

You hit the hound.
The hound is severely wounded.
The hound closely misses you. The shadow imp closely misses you.
You riposte.
You hit the shadow imp.
The shadow imp is moderately wounded.
The crimson imp blinks!
You hit the hound but do no damage.
The hound is severely wounded.
The hound bites you.
* * * LOW HITPOINT WARNING * * *
The hound bites you.
* * * LOW HITPOINT WARNING * * *
The shadow imp gestures at you. Pain shoots through your body!
* * * LOW HITPOINT WARNING * * *
As you read the scroll of teleportation, it crumbles to dust.
You feel strangely unstable. The hound barely misses you.
The shadow imp gestures at you. Pain shoots through your body!
You die...

..........
#.?.##
.......#.%
#....#
..........
#....#
.l.oo.#...
#....
.......#o.
#...#
........5. .5.#
......hZY. #5.#
.....#<.# #@.#
... .....##h.
#h§##........
...
###..#........
.##.
##.............
. .
##.............
. .
#..............
. #...........#
#..........##
#..........#


You could see a hound, a crimson imp and a shadow imp.

Vanquished Creatures
  A hound (D:4)
  A bullfrog skeleton (D:5)
  Ijyb (D:3)
  Robin (D:3)
  2 adders
  3 worms (D:3)
  A dart slug (D:3)
  7 orcs
  A ball python (D:3)
  3 bats
  4 giant cockroaches
  16 goblins
  5 hobgoblins
  7 jackals
  A quokka (D:2)
  4 frilled lizards
  A jackal zombie (D:3)
  5 kobolds
  10 rats
74 creatures vanquished.

Vanquished Creatures (others)
  An orc wizard (D:3)
1 creature vanquished.

Grand Total: 75 creatures vanquished

Notes
Turn   | Place    | Note
-------+----------+-------------------------------------------
     0 | D:1      | PaladinM the Human Warper began the quest for the Orb.
     0 | D:1      | Reached XP level 1. HP: 16/16 MP: 3/3
   400 | D:1      | Reached XP level 2. HP: 7/22 MP: 5/5
   868 | D:2      | Learned a level 2 spell: Shroud of Golubria
   884 | D:2      | Learned a level 2 spell: Blink
   916 | D:2      | Reached skill level 3 in Long Blades
   991 | D:2      | Reached XP level 3. HP: 24/27 MP: 2/6
  1284 | D:2      | Found a shadowy altar of Dithmenos.
  1284 | D:2      | Found a burning altar of Makhleb.
  1359 | D:2      | Found a deep blue altar of Sif Muna.
  1600 | D:4      | Reached skill level 4 in Long Blades
  1600 | D:4      | Reached XP level 4. HP: 24/33 MP: 5/7
  1735 | D:3      | Noticed Ijyb
  1769 | D:3      | Killed Ijyb
  1993 | D:3      | Found a radiant altar of Vehumet.
  1993 | D:3      | Found a blossoming altar of Fedhas.
  2005 | D:3      | Reached XP level 5. HP: 15/38 MP: 6/8
  2227 | D:3      | Noticed Robin
  2667 | D:2      | Reached skill level 5 in Long Blades
  3106 | D:3      | Killed Robin
  3592 | D:4      | Noticed an ogre
  4879 | D:5      | Entered Level 5 of the Dungeon
  4894 | D:5      | Noticed an ice beast
  5013 | D:5      | Reached XP level 6. HP: 30/44 MP: 6/9
  5027 | D:5      | Killed from afar by a shadow imp

Skill      XL: |  1  2  3  4  5 |
---------------+----------------+-----
Long Blades    | 3 4 5 |  5.9
Fighting       | |  2.0
Throwing       | |  1.0
Armour         | |  1.0
Dodging        | |  2.0
Spellcasting   | |  2.0
Translocations | |  3.0

Action                   |  1- 3 |  4- 6 || total
-------------------------+-------+-------++-------
Melee: Falchion          |   106 |   144 ||   250
       Long sword        |       |    52 ||    52
 Cast: Shroud of Golubri |     3 |    21 ||    24
  Use: Scroll            |     1 |     5 ||     6
  Eat: Chunk             |     2 |    10 ||    12
       Ration            |       |     1 ||     1
Armor: Leather armour    |    30 |    55 ||    85
Dodge: Dodged            |    87 |   155 ||   242
       Rpst.: Falchion   |    22 |    36 ||    58
       Long sword        |       |    17 ||    17
